 Dungeon Crawl Stone Soup version 0.28-b1-1-g3c77fb2ed1 (webtiles) character file.

Game seed: 5601440459128306223

718922 McKennaii the Annihilator (level 27, -38/106 (223) HPs)
             Began as a Demigod Conjurer on Jan 29, 2022.
             Killed from afar by a Brimstone Fiend (44 damage)
             ... with damnation
             ... on level 7 of Gehenna.
             The game lasted 04:17:14 (102239 turns).

McKennaii the Annihilator (Demigod Conjurer)      Turns: 102239, Time: 04:17:15

HP:   -38/106 (223) AC: 26    Str: 18 (22) XL:     27
MP:   41/58         EV: 16    Int: 44      God:
Gold: 4704          SH: 16    Dex: 24 (27) Spells: 36/74 levels left

rFire   + + .      SeeInvis +   X - +0 staff of Battle
rCold   + + +      Faith    .   r - +1 kite shield {rC+ rF+}
rNeg    + . .      Spirit   .   K - +3 scale mail {rC+}
rPois   .          Reflect  .   Y - +1 helmet of Qiorchu {Harm +Inv rC+}
rElec   +          Harm     +   V - +2 cloak {Will+}
rCorr   +          Rampage  .   D - +2 pair of gloves {Stlth+}
Will    +++..                   p - +2 pair of boots {Fly}
Stlth   ++........              O - amulet of Buvewkenn {RegenMP Contam rCorr Dex+9 SInv}
HPRegen 0.27/turn               z - ring "Dizyacs" {rElec rF+ rC++}
MPRegen 0.76/turn               f - ring of Huuhi {rN+ Dex+6 SInv}

@: flying, studying 6 skills, extremely drained, unable to read
A: high mp 1, forlorn, divine attributes, passive freeze, strong 1
}: 4/15 runes: serpentine, barnacled, slimy, silver
a: Evoke Invisibility


You were on level 7 of Gehenna.
You visited 16 branches of the dungeon, and saw 66 of its levels.
You also visited: Ossuary and Bailey.

You collected 8670 gold pieces.
You spent 3966 gold pieces at shops.

Inventory:

Hand Weapons
 a - the +7 scimitar of Understanding {vorpal, rC+ rN+ Str+4 Stlth+}
   (You took it off a deep elf death mage on level 3 of the Elven Halls)

   It inflicts extra damage upon your enemies.
   Str:       It affects your strength (+4).
   rC:        It protects you from cold.
   rN:        It protects you from negative energy.
   Stlth:     It makes you more stealthy.
 X - the +0 staff of Battle (weapon)
   (You bought it in a shop on level 2 of the Orcish Mines)

   It enhances your conjuration magic.
   It summons a battlesphere in combat, with strength depending on Conjurations
   skill.
   Its strikes trigger the battlesphere's blasts.
Armour
 p - a +2 pair of boots of flying (worn)
 r - a +1 kite shield of resistance (worn)
 D - a +2 pair of gloves of stealth (worn)
 K - a +3 scale mail of cold resistance (worn)
 V - a +2 cloak of willpower (worn)
 Y - the +1 helmet of Qiorchu (worn) {Harm +Inv rC+}
   (You found it on level 6 of the Lair of Beasts)

   rC:        It protects you from cold.
   +Inv:      It lets you turn invisible.
   Harm:      It increases damage dealt and taken.
Jewellery
 f - the ring of Huuhi (right hand) {rN+ Dex+6 SInv}
   (You found it on level 12 of the Dungeon)

   [ring of dexterity]

   Dex:       It affects your dexterity (+6).
   rN:        It protects you from negative energy.
   SInv:      It lets you see invisible.
 j - the ring of Wesmir {rPois rC+ rCorr Dex+7 Stlth-}
   (You acquired it on level 6 of the Lair of Beasts)

   [ring of resist corrosion]

   Dex:       It affects your dexterity (+7).
   rC:        It protects you from cold.
   rPois:     It protects you from poison.
   rCorr:     It protects you from acid and corrosion.
   Stlth:     It makes you less stealthy.
 x - the ring "Gugutt" {rC++ MP+9 Str+2}
   (You found it on level 5 of the Vaults)

   [ring of magical power]

   Str:       It affects your strength (+2).
   rC:        It greatly protects you from cold.
   MP:        It affects your magic capacity (+9).
 z - the ring "Dizyacs" (left hand) {rElec rF+ rC++}
   (You acquired it on level 2 of the Snake Pit)

   [ring of protection from fire]

   rF:        It protects you from fire.
   rC:        It greatly protects you from cold.
   rElec:     It insulates you from electricity.
 A - a ring of wizardry
 L - the dreamshard necklace {*Dream Drain}
   (You found it on level 1 of the Realm of Zot)

   [amulet of nothing]

   It shatters if its wearer takes lethal or near-lethal damage, preventing the
   blow and releasing protective dreams that heal and fight for the wearer.
   Drain:     It drains your maximum health when unequipped.
 O - the amulet of Buvewkenn (around neck) {RegenMP Contam rCorr Dex+9 SInv}
   (You bought it in a shop on level 2 of the Depths)

   [amulet of magic regeneration]

   It increases your rate of magic regeneration.
   Dex:       It affects your dexterity (+9).
   SInv:      It lets you see invisible.
   Contam:    It causes magical contamination when unequipped.
   rCorr:     It protects you from acid and corrosion.
 P - the ring "Lagaxul" {Fire rElec rPois Str+5}
   (You found it on level 1 of the Realm of Zot)

   [ring of fire]

   It enhances your fire magic.
   Str:       It affects your strength (+5).
   rF:        It protects you from fire.
   rC:        It makes you vulnerable to cold.
   rElec:     It insulates you from electricity.
   rPois:     It protects you from poison.
Wands
 q - a wand of acid (24)
 y - a wand of digging (15)
 C - a wand of mindburst (3)
 H - a wand of paralysis (45)
 N - a wand of polymorph (17)
 S - a wand of charming (4)
 Z - a wand of iceblast (37)
Scrolls
 c - 9 scrolls of amnesia
 d - 9 scrolls of magic mapping
 e - 13 scrolls of vulnerability
 h - 13 scrolls of enchant weapon
 n - 24 scrolls of teleportation
 t - 12 scrolls of enchant armour
 v - a scroll of blinking
 B - 9 scrolls of holy word
 F - 10 scrolls of immolation
 I - 8 scrolls of fog
 J - 10 scrolls of fear
 Q - 2 scrolls of brand weapon
 R - 4 scrolls of silence
 U - 2 scrolls of summoning
Potions
 b - 8 potions of haste
 g - a potion of heal wounds
 i - 8 potions of invisibility
 k - 6 potions of berserk rage
 l - 8 potions of lignification
 m - 20 potions of curing
 o - 8 potions of cancellation
 s - 2 potions of magic
 u - 13 potions of might
 w - 6 potions of resistance
 E - 10 potions of flight
 G - 7 potions of mutation
 M - 3 potions of brilliance
 T - 2 potions of ambrosia
Miscellaneous
 W - the horn of Geryon


   Skills:
 + Level 13.8 Fighting
 + Level 13.8 Armour
 + Level 9.4 Dodging
 - Level 1.7 Stealth
 - Level 15.0 Shields
 - Level 24.0 Spellcasting
 O Level 27 Conjurations
 + Level 19.6 Air Magic


You had 36 spell levels left.
You knew the following spells:

 Your Spells              Type           Power      Damage    Failure   Level
a - Magic Dart            Conj           100%       1d8       0%          1
b - Searing Ray           Conj           100%       2d8       0%          2
c - Iskenderun's Mystic   Conj/Tloc      100%       2d19      1%          4
d - Lightning Bolt        Conj/Air       78%        1d104     0%          5
e - Orb of Destruction    Conj           81%        9d18      0%          7
f - Freezing Cloud        Conj/Ice/Air   68%        6-21      1%          5
g - Chain Lightning       Conj/Air       78%        3d104     10%         9
r - Fireball              Conj/Fire      65%        3d25      1%          5

Your spell library contained the following spells:

 Spells                   Type           Power      Damage    Failure   Level
 Foxfire                  Conj/Fire      100%       2x1d9     0%          1
 Shock                    Conj/Air       100%       1d9       0%          1
 Static Discharge         Conj/Air       100%       N/A       0%          2
 Conjure Flame            Conj/Fire      100%       6-21      0%          3
 Dazzling Flash           Conj/Hex       100%       N/A       0%          3
 Mephitic Cloud           Conj/Pois/Air  100%       N/A       0%          3
 Stone Arrow              Conj/Erth      100%       3d13      0%          3
 Iskenderun's Battlesphe  Conj           100%       2d15      0%          5
 Animate Skeleton         Necr           100%       N/A       1%          1
 Apportation              Tloc           100%       N/A       1%          1
 Beastly Appendage        Tmut           100%       N/A       1%          1
 Pain                     Necr           100%       1d9       1%          1
 Slow                     Hex            100%       N/A       1%          1
 Sting                    Tmut/Pois      100%       1d8       1%          1
 Summon Small Mammal      Summ           100%       N/A       1%          1
 Blink                    Tloc           100%       N/A       1%          2
 Call Imp                 Summ           51%        N/A       1%          2
 Corpse Rot               Necr/Air       100%       N/A       1%          2
 Poisonous Vapours        Pois/Air       100%       N/A       1%          2
 Sublimation of Blood     Necr           51%        N/A       1%          2
 Wereblood                Tmut           51%        N/A       1%          2
 Fulminant Prism          Conj/Hex       65%        3d28      1%          4
 Hailstorm                Conj/Ice       100%       3d20      1%          4
 Sticky Flame             Conj/Fire      100%       2d11      1%          4
 Summon Lightning Spire   Summ/Air       96%        N/A       1%          4
 Irradiate                Conj/Tmut      65%        3d35      1%          5
 Silence                  Hex/Air        48%        N/A       1%          5
 Iron Shot                Conj/Erth      65%        9d12      1%          6
 Starburst                Conj/Fire      65%        6d17      1%          6
 Maxwell's Capacitive Co  Air            61%        ∞         2%          8
 Call Canine Familiar     Summ           51%        N/A       3%          3
 Frozen Ramparts          Ice            100%       1d12      3%          3
 Gell's Gravitas          Tloc           51%        N/A       3%          3
 Ignite Poison            Fire/Tmut/Pois 51%        N/A       3%          3
 Inner Flame              Hex/Fire       51%        N/A       3%          3
 Ozocubu's Armour         Ice            51%        N/A       3%          3
 Portal Projectile        Hex/Tloc       100%       N/A       3%          3
 Spider Form              Tmut/Pois      51%        N/A       3%          3
 Summon Guardian Golem    Hex/Summ       51%        N/A       3%          3
 Teleport Other           Tloc           51%        N/A       3%          3
 Tukima's Dance           Hex            51%        N/A       3%          3
 Vampiric Draining        Necr           51%        2d9       3%          3
 Spellforged Servitor     Conj/Summ      65%        N/A       4%          7
 Anguish                  Hex/Necr       25%        N/A       13%         4
 Animate Armour           Summ/Erth      100%       N/A       13%         4
 Dispel Undead            Necr           51%        3d19      13%         4
 Ice Form                 Ice/Tmut       51%        N/A       13%         4
 Leda's Liquefaction      Hex/Erth       25%        N/A       13%         4
 Olgreb's Toxic Radiance  Pois           51%        N/A       13%         4
 Petrify                  Tmut/Erth      51%        N/A       13%         4
 Summon Ice Beast         Ice/Summ       51%        N/A       13%         4
 Storm Form               Tmut/Air       48%        N/A       21%         7
 Agony                    Necr           51%        N/A       34%         5
 Alistair's Intoxication  Tmut/Pois      34%        N/A       34%         5
 Borgnjor's Vile Clutch   Necr/Erth      25%        N/A       34%         5
 Manifold Assault         Tloc           51%        N/A       34%         5
 Metabolic Englaciation   Hex/Ice        25%        N/A       34%         5
 Summon Forest            Summ/Tloc      25%        N/A       34%         5
 Summon Mana Viper        Hex/Summ       51%        N/A       34%         5
 Death Channel            Necr           25%        N/A       89%         6
 Dispersal                Tloc           25%        N/A       89%         6
 Eringya's Noxious Bog    Tmut/Pois      25%        N/A       89%         6
 Simulacrum               Ice/Necr       25%        N/A       89%         6
 Statue Form              Tmut/Erth      34%        N/A       89%         6
 Summon Cactus Giant      Summ           25%        N/A       89%         6
 Fire Storm               Conj/Fire      65%        8d17      99%         9
 Haunt                    Necr/Summ      25%        N/A       100%        7
 Malign Gateway           Summ/Tloc      25%        N/A       100%        7
 Monstrous Menagerie      Summ           25%        N/A       100%        7
 Ozocubu's Refrigeration  Ice            25%        4d10      100%        7
 Summon Hydra             Summ           25%        N/A       100%        7
 Disjunction              Tloc           25%        N/A       100%        8
 Ignition                 Fire           25%        3d9       100%        8
 Summon Horrible Things   Summ           25%        N/A       100%        8
 Death's Door             Necr           25%        N/A       100%        9
 Shatter                  Erth           25%        3d22*     100%        9


Dungeon Overview and Level Annotations

Branches:
Dungeon (15/15)            Temple (1/1) D:5            Lair (6/6) D:10
 Shoals (4/4) Lair:4        Snake (4/4) Lair:3        Slime (5/5) Lair:6
    Orc (2/2) D:12            Elf (3/3) Orc:2        Vaults (5/5) D:13
  Crypt (3/3) Vaults:2       Tomb (1/3) Crypt:3      Depths (4/4) D:15
   Hell (visited)             Dis (0/7) Hell            Geh (7/7) Hell
    Coc (3/7) Hell            Tar (0/7) Hell            Zot (3/5) Depths:4
Ossuary (visited)          Bailey (visited)

Shops:
D:1 ?   Orc:1 (   Orc:2 (*!*   Elf:1 !   Elf:2 (   Elf:3 (   Shoals:1 ?
Shoals:2 (   Shoals:3 *   Snake:1 *(*[(   Snake:3 [?!   Snake:4 [   Vaults:2 !
Depths:1 (   Depths:2 ::=   Depths:3 =

Portals:
Hell: Depths:1 Depths:2 Depths:3 Depths:4
Abyss: Depths:3
Pandemonium: Depths:2
Ziggurat: Depths:4

Annotations:
D:15 2 transporters, Jussuw Iff's ghost, adept KoGl
Vaults:1 2 transporters, exclusion: orange crystal statue
Depths:1 6 transporters


Innate Abilities, Weirdness & Mutations

You have an increased reservoir of magic. (+10% MP)
You shall have no god before yourself.
Your divine heritage dramatically boosts your attributes as you level up.
A frigid envelope surrounds you and freezes all who hurt you.
Your muscles are strong. (Str +2)


Message History

The Brimstone Fiend is moderately wounded. (Press . to maintain the ray.)
The Brimstone Fiend calls on the powers of darkness!
Your body is wracked with pain!
Ouch! That really hurt!
Unknown command.
Casting: Searing Ray (safe; 0% risk of failure)
Confirm with . or Enter, or press ? or * to list all spells.
You feel a surge of power!
You erupt in a blast of force!
The mystic blast hits the Brimstone Fiend!
The Brimstone Fiend is heavily wounded.
The Brimstone Fiend is knocked back by the mystic blast.
Unknown command.
Unknown command.
Casting: Iskenderun's Mystic Blast (safe; 1% risk of failure)
Confirm with . or Enter, or press ? or * to list all spells.
Aiming: Lightning Bolt (safe; 0% risk of failure)
Press: ? - help, Shift-Dir - straight line, f/p - Brimstone Fiend
Aim: a Brimstone Fiend (heavily wounded, 86% to hit)
You feel a surge of power!
You hear a mighty clap of thunder!
The bolt of lightning hits the Brimstone Fiend!!
The Brimstone Fiend is severely wounded.
The Brimstone Fiend gestures at you.
The sphere of damnation explodes!
The damnation engulfs you!!!
* * * LOW HITPOINT WARNING * * *
Unknown command.
Unknown command.
Casting: Lightning Bolt (safe; 0% risk of failure)
Confirm with . or Enter, or press ? or * to list all spells.
Aiming: Lightning Bolt (safe; 0% risk of failure)
Press: ? - help, Shift-Dir - straight line, f/p - Brimstone Fiend
Aim: a Brimstone Fiend (severely wounded, 86% to hit)
You feel a surge of power!
You hear a mighty clap of thunder!
The bolt of lightning misses the Brimstone Fiend.
You hear a shout!
The Brimstone Fiend gestures at you.
The sphere of damnation explodes!
The damnation engulfs you!!!
You die... §LLL≈

≈§§≈§≈##'##≈§≈≈≈ ######
≈§≈§≈###.).###§≈≈##
.....#≈§§≈§##.......##≈≈##
.....#§§≈≈≈##...#...##§§##
.##..#v≈§§≈##..###..##§§##
.##..#≈§§§§##..###..##§§##
.....#≈≈≈§≈##...#...##≈§##
.....#§§≈§§ #.......# ≈§##
#'#### §§≈≈ ###.@.### ≈##
#..# ≈§§ ##'## #..# §§ ...
#..# #.1.# #..# #...#
#..## #...# #...# #...#
#...# ☼☼... ....#


You could see a Brimstone Fiend.

Vanquished Creatures
  the Royal Jelly (Slime:5)
  Dissolution (Slime:5)
  4 ancient liches
  5 dread liches (Vaults:5)
  Mennas (Crypt:3)
  Mara (Snake:3)
  3 royal mummies (Tomb:1)
  3 shard shrikes (Coc:2)
  Vashnia (Snake:4)
  Bai Suzhen (Snake:4)
  3 Killer Klowns (Zot:2)
  2 curse toes (Zot:1)
  Nikola (Elf:1)
  9 golden dragons
  Geryon (Hell)
  The ghost of Zoalos the Devastator, a veteran GrEE of Lugonu (Crypt:1)
  3 bone dragons
  An electric golem (Zot:1)
  Jorgrun (Shoals:2)
  2 Tzitzimimeh (Depths:1)
  3 doom hounds (Hell)
  6 Brimstone Fiends
  7 hellephants
  11 liches
  14 tentacled monstrosities
  8 titans
  19 searing wretches
  3 deep elf blademasters
  23 acid blobs
  2 deep elf master archers (Elf:3)
  8 quicksilver dragons
  15 sphinxes
  Polyphemus (Shoals:2)
  14 shadow dragons
  6 death cobs
  Agnes (D:14)
  13 ancient champions
  A storm dragon (shapeshifter) (Vaults:5)
  Donald (Shoals:4)
  11 tengu reavers
  Ilsuiw (Shoals:3)
  Roxanne (Snake:1)
  5 draconian monks
  16 storm dragons
  3 narguns
  2 revenants
  5 nagarajas
  8 frost giants
  14 rockslimes
  14 azure jellies
  18 balrugs
  11 vault wardens
  Aizul (Snake:1)
  3 orc warlords
  Louise (D:15)
  2 iron dragons
  8 deep elf sorcerers
  23 fire giants
  A draconian scorcher (Depths:4)
  3 cacodemons (Zot:1)
  A shard shrike simulacrum (Coc:1)
  3 ghost moths
  4 draconian shifters
  7 curse skulls
  A draconian stormcaller (Zot:3)
  2 ghouls (Crypt:2)
  5 deep elf elementalists (Elf:3)
  A draconian annihilator (Zot:2)
  26 ironbound preservers
  11 quicksilver oozes
  20 very ugly things
  6 reapers
  2 spriggan defenders (Depths:2)
  5 green draconians
  15 stone giants
  9 vampire knights
  An elemental wellspring (Coc:2)
  6 ironbound thunderhulks
  10 war gargoyles
  8 purple draconians
  8 deep elf demonologists
  An entropy weaver (Vaults:3)
  3 wendigos
  10 deep elf annihilators
  2 lorocyprocas (Hell)
  9 dire elephants
  2 black draconians
  6 red draconians
  6 white draconians
  3 spark wasps
  3 yellow draconians
  4 iron golems
  The ghost of Wemm the Imperceptible, a journeyman SpEn of Gozag (D:13)
  3 minotaurs
  A dire elephant (shapeshifter) (D:13)
  8 crystal guardians
  6 merfolk impalers
  6 mummy priests (Tomb:1)
  9 deep elf death magi
  3 eidola
  3 merfolk javelineers (Shoals:4)
  10 ettins
  6 fire dragons
  11 jiangshi
  3 blizzard demons (Hell)
  13 yaktaur captains
  A rakshasa (Depths:2)
  19 great orbs of eyes
  6 deep elf high priests
  10 ice dragons
  The ghost of beigtais the Thaumaturge, a journeyman DECj of Sif Muna (D:12)
  4 peacekeepers
  36 vault guards
  9 boulder beetles
  3 caustic shrike simulacra
  5 hydras
  18 naga warriors
  Erolcha (Orc:2)
  A hell beast (Depths:1)
  3 spriggan air magi
  A catoblepas (Shoals:2)
  8 salamander tyrants
  Erica (Lair:1)
  11 anacondas
  12 ironbound frosthearts
  3 merfolk aquamancers (Shoals:3)
  3 alligators (Shoals:2)
  3 death knights
  An anaconda (shapeshifter) (Vaults:5)
  12 centaur warriors
  18 satyrs
  5 deep troll shamans
  10 stokers
  5 deep troll earth magi
  4 two-headed ogres
  26 dancing weapons
  5 vampire magi
  20 death scarabs (Tomb:1)
  3 death yaks (Shoals:2)
  28 hell hogs
  16 naga sharpshooters
  Urug (D:12)
  7 tengu warriors
  4 orc high priests (Orc:2)
  8 shock serpents
  15 hell knights
  11 deep elf knights
  Sonja (Orc:2)
  4 soul eaters
  6 spriggan berserkers
  A titan zombie (Crypt:3)
  A shadow wraith (Crypt:2)
  A fire crab (Lair:4)
  4 sun demons (Hell)
  6 salamander mystics
  A crystal echidna (Hell)
  30 skeletal warriors
  7 iron trolls
  A storm dragon skeleton (Crypt:2)
  A goliath frog (Shoals:2)
  4 glowing orange brains
  4 orange crystal statues (Hell)
  A bog body (Crypt:2)
  2 flayed ghosts
  74 deep trolls
  8 naga ritualists
  8 sea snakes
  A bunyip skeleton (Crypt:1)
  A golden dragon zombie (Crypt:3)
  A lindwurm (shapeshifter) (Vaults:5)
  An anaconda skeleton (Tomb:1)
  A shadow dragon zombie (Crypt:3)
  22 harpies
  9 phantasmal warriors
  A fenstrider witch simulacrum (Coc:2)
  2 deep elf archers
  13 necromancers
  9 lindwurms
  11 shining eyes
  13 ironbound convokers
  4 orc knights
  3 spriggan simulacra
  17 wizards
  8 orc sorcerers
  13 fauns
  41 deep elf zephyrmancers
  11 mana vipers
  6 cyclopes
  2 stone giant zombies
  30 deep elf pyromancers
  7 oklob plants
  A wolf spider (D:11)
  A faun (shapeshifter) (Vaults:5)
  18 manticores
  2 sphinx skeletons
  57 ugly things
  21 salamanders
  A fire giant zombie (Vaults:4)
  34 black mambas
  22 moths of wrath
  A frost giant skeleton (Depths:3)
  A naga zombie (Crypt:3)
  3 guardian serpents
  4 merfolk sirens
  Maurice (Orc:1)
  26 elephants
  A water nymph (Shoals:3)
  17 naga magi
  26 vault sentinels
  A titan simulacrum (Coc:3)
  4 eyes of devastation
  3 gargoyles (D:12)
  2 ice statues (Hell)
  Joseph (D:10)
  Maggie (D:6)
  18 cane toads
  Psyche (D:11)
  A storm dragon simulacrum (Coc:1)
  A death yak zombie (Crypt:2)
  2 torpor snails
  2 centaur skeletons (Crypt:3)
  A rime drake (Lair:6)
  7 freezing wraiths
  10 hellions
  2 bunyip simulacra (Coc:1)
  5 tormentors
  2 sea snake zombies
  2 kobold demonologists
  12 komodo dragons
  31 yaktaurs
  3 hydra zombies
  4 tengu conjurers
  An efreet (D:13)
  An iron troll skeleton (Crypt:1)
  2 ice devils (Hell)
  2 red devils (Hell)
  A purple draconian skeleton (Crypt:2)
  2 sea snake skeletons (Hell)
  A yaktaur skeleton (Vaults:4)
  34 merfolk
  A green draconian skeleton (Crypt:1)
  6 guardian mummies (Tomb:1)
  13 spectral harpies (Geh:4)
  A queen bee (shapeshifter) (Elf:2)
  3 meliai (D:15)
  12 polar bears
  2 tarantellas (shapeshifter)
  12 trolls
  37 blink frogs
  3 wind drakes
  Grinder (D:5)
  8 hornets
  An ettin zombie (Crypt:3)
  100 slime creatures
  An ice dragon zombie (Crypt:1)
  13 dream sheep
  2 fire dragon zombies
  3 spriggan zombies
  A stone giant simulacrum (Coc:1)
  A fire giant simulacrum (Depths:3)
  9 snapping turtles
  2 spriggan skeletons
  48 flying skulls
  2 naga simulacra
  16 spriggans
  3 ettin skeletons
  A spriggan (shapeshifter) (D:15)
  5 wyverns
  12 water elementals
  2 dire elephant simulacra (Coc:2)
  A yak (shapeshifter) (Elf:2)
  13 yaks
  An ice dragon skeleton (Crypt:1)
  8 humans (Zot:2)
  8 wraiths
  A satyr skeleton (Crypt:2)
  3 ushabtiu (Tomb:1)
  A fire elemental (Elf:2)
  4 basilisks
  4 steam dragons
  A golden eye (Slime:5)
  A redback (shapeshifter) (D:13)
  10 vampire mosquitoes
  A human simulacrum (Vaults:4)
  Grum (D:8)
  53 nagas
  3 sea snake simulacra (Hell)
  10 wargs
  A swamp worm (Lair:1)
  A faun zombie (Crypt:1)
  3 acid dragons
  2 harpy simulacra
  A hydra simulacrum (Hell)
  16 water moccasins
  2 floating eyes
  A naga skeleton (Crypt:1)
  A hornet zombie (D:7)
  An ice beast (D:8)
  3 sky beasts
  51 orc warriors
  28 wolves
  4 black bears
  An ice dragon simulacrum (Coc:1)
  2 necrophages (Crypt:3)
  3 boggarts (Lair:6)
  2 ettin simulacra
  8 ogres
  9 centaurs
  A dream sheep skeleton (Crypt:2)
  A hog zombie (Crypt:1)
  3 kobold brigands
  25 bullfrogs
  An elf skeleton (D:7)
  13 scorpions
  An earth elemental (Elf:2)
  A cyclops skeleton (Crypt:1)
  10 killer bees (D:9)
  A swamp dragon simulacrum (Coc:1)
  9 howler monkeys
  3 wights (D:9)
  2 electric eels
  A crimson imp (D:6)
  A wolf zombie (Crypt:2)
  A bullfrog zombie (D:6)
  16 centaur zombies
  A hound (D:7)
  14 jellies
  2 gnoll shamans
  A human zombie (Ossuary)
  30 orc priests
  2 human skeletons (D:7)
  4 iguanas
  5 scorpion zombies
  Natasha (thrice) (D:3)
  17 orc wizards
  3 polar bear simulacra (Lair:5)
  4 yak simulacra (Lair:5)
  A wolf simulacrum (Lair:5)
  3 killer bee zombies
  A sky beast zombie (Crypt:1)
  5 centaur simulacra
  2 hound skeletons
  13 mummies
  A howler monkey zombie (D:9)
  7 adders
  27 gnolls
  3 white imps
  An adder skeleton (D:4)
  A dart slug (D:2)
  106 orcs
  4 ball pythons
  19 endoplasms
  5 giant cockroaches
  6 gnoll zombies (Ossuary)
  8 hobgoblins
  3 jackals (D:3)
  4 quokkas
  3 training dummies (Orc:1)
  6 bats
  A dart slug zombie (Crypt:2)
  3 frilled lizards
  A gnoll skeleton (Crypt:1)
  11 goblins
  A goblin zombie (Ossuary)
  15 kobolds
  3 kobold zombies
  An orc skeleton (D:7)
  4 orc zombies
  7 rats
  3 river rat simulacra (Lair:5)
  4 bushes (Lair:6)
  3 creeping infernos
  28 fire vortices
2857 creatures vanquished.

Vanquished Creatures (collateral kills)
  A vault warden (Vaults:5)
  A war gargoyle (Vaults:5)
2 creatures vanquished.

Vanquished Creatures (others)
  A caustic shrike simulacrum (Coc:3)
  A peacekeeper (Vaults:4)
  A catoblepas (Lair:4)
  A hydra (D:13)
  A wizard (Vaults:2)
  A manticore (Shoals:4)
  A guardian serpent (Snake:2)
  A harpy simulacrum (Coc:3)
  A hydra simulacrum (Coc:3)
  An ettin simulacrum (Coc:2)
  40 fungi
  115 plants
  4 withered plants (D:15)
169 creatures vanquished.

Grand Total: 3028 creatures vanquished

Notes
Turn   | Place    | Note
-------+----------+-------------------------------------------
     0 | D:1      | McKennaii the Demigod Conjurer began the quest for the Orb.
     0 | D:1      | Reached XP level 1. HP: 14/14 MP: 5/5
   195 | D:1      | Found Xargh's Magic Scroll Boutique.
   317 | D:1      | Reached XP level 2. HP: 20/20 MP: 5/7
   367 | D:1      | Reached skill level 4 in Conjurations
  1652 | D:2      | Reached XP level 3. HP: 26/26 MP: 2/9
  1657 | D:2      | Learned a level 2 spell: Searing Ray
  2303 | D:3      | Noticed Natasha
  2311 | D:3      | Killed Natasha
  2312 | D:3      | Reached XP level 4. HP: 33/33 MP: 10/10
  2323 | D:3      | Learned a level 4 spell: Iskenderun's Mystic Blast
  2418 | D:3      | Noticed Natasha
  2426 | D:3      | Killed Natasha
  2427 | D:3      | Reached skill level 5 in Conjurations
  2716 | D:3      | Noticed Natasha
  2720 | D:3      | Killed Natasha
  2850 | D:4      | Reached XP level 5. HP: 38/38 MP: 12/12
  3577 | D:4      | Reached skill level 6 in Conjurations
  3807 | D:4      | Reached XP level 6. HP: 45/45 MP: 14/14
  4743 | D:5      | Entered Level 5 of the Dungeon
  4771 | D:5      | Noticed Grinder
  4830 | D:5      | Killed Grinder
  4831 | D:5      | Reached skill level 7 in Conjurations
  4831 | D:5      | Reached XP level 7. HP: 50/50 MP: 16/16
  5454 | D:5      | Reached skill level 8 in Conjurations
  5581 | D:5      | Reached skill level 5 in Spellcasting
  5584 | D:5      | Reached XP level 8. HP: 41/57 MP: 10/19
  5699 | D:5      | Found a staircase to the Ecumenical Temple.
  6439 | D:6      | Noticed Maggie
  6449 | D:6      | Killed Maggie
  6450 | D:6      | Reached skill level 9 in Conjurations
  7551 | D:7      | Found a sand-covered staircase.
  7636 | Ossuary  | Entered an ossuary
  7730 | Ossuary  | Reached skill level 10 in Conjurations
  7738 | Ossuary  | Reached XP level 9. HP: 62/62 MP: 11/22
  8698 | D:7      | Reached skill level 11 in Conjurations
 10331 | D:8      | Noticed Grum
 10340 | D:8      | Killed Grum
 10345 | D:8      | Reached XP level 10. HP: 69/69 MP: 18/25
 10911 | D:8      | Reached skill level 12 in Conjurations
 11376 | D:8      | Noticed a two-headed ogre
 11385 | D:8      | Killed a two-headed ogre
 11591 | D:8      | Learned a level 7 spell: Orb of Destruction
 11767 | D:9      | Noticed a yaktaur captain
 11893 | D:9      | Reached skill level 13 in Conjurations
 11924 | D:9      | Found a flagged portal.
 12025 | Bailey   | Entered a bailey
 12472 | Bailey   | HP: 3/67 [orc warrior (16)]
 13131 | D:1      | Bought a scroll of identify for 22 gold pieces
 13131 | D:1      | Bought a scroll of blinking for 82 gold pieces
 13131 | D:1      | Bought a scroll of identify for 22 gold pieces
 13131 | D:1      | Bought a scroll of identify for 22 gold pieces
 13131 | D:1      | Bought a scroll of teleportation for 33 gold pieces
 13131 | D:1      | Bought a scroll of identify for 22 gold pieces
 13565 | D:9      | Noticed a two-headed ogre
 13575 | D:9      | Killed a two-headed ogre
 13644 | D:9      | Got the Papyrus of Bewitching Confrontation
 13927 | D:10     | Entered Level 10 of the Dungeon
 14205 | D:10     | Noticed Joseph
 14215 | D:10     | Killed Joseph
 14216 | D:10     | Reached XP level 11. HP: 74/74 MP: 28/28
 14565 | D:10     | Found a staircase to the Lair.
 14852 | D:11     | Noticed a two-headed ogre
 14857 | D:11     | Killed a two-headed ogre
 14858 | D:11     | Reached skill level 14 in Conjurations
 15555 | D:11     | Identified the +4 shortbow of Blood {venom, rC+ Will+}
 15587 | D:11     | Noticed Psyche
 15594 | D:11     | Killed Psyche
 16347 | D:12     | Noticed Urug
 16347 | D:12     | Noticed a boulder beetle
 16376 | D:12     | Noticed a deep elf pyromancer
 16390 | D:12     | Noticed a boulder beetle
 16391 | D:12     | Killed a deep elf pyromancer
 16392 | D:12     | Reached skill level 15 in Conjurations
 16400 | D:12     | Killed a boulder beetle
 16420 | D:12     | Reached skill level 10 in Spellcasting
 16857 | D:12     | Killed Urug
 16968 | D:12     | Noticed a seven-headed hydra
 16970 | D:12     | Found a transporter.
 16971 | D:12     | Noticed an ice dragon
 16972 | D:12     | Noticed beigtais's ghost (journeyman DECj)
 16986 | D:12     | Found a transporter.
 17029 | D:12     | Found a staircase to the Orcish Mines.
 17070 | D:12     | Reached XP level 12. HP: 81/81 MP: 24/30
 17234 | D:12     | Killed a boulder beetle
 17368 | D:12     | Reached skill level 16 in Conjurations
 17375 | D:12     | Reached skill level 1 in Armour
 17782 | Lair:1   | Entered Level 1 of the Lair of Beasts
 17965 | Lair:1   | Got the Volume of Darkness
 18042 | Lair:1   | Noticed Erica
 18046 | Lair:1   | Killed Erica
 18085 | Lair:1   | Reached skill level 5 in Armour
 19534 | Lair:2   | Reached skill level 5 in Dodging
 19725 | Lair:2   | Reached skill level 1 in Shields
 20393 | Lair:3   | Reached XP level 13. HP: 86/86 MP: 26/31
 20552 | Lair:3   | Found a staircase to the Snake Pit.
 22301 | Lair:4   | Found a staircase to the Shoals.
 25021 | Lair:6   | Entered Level 6 of the Lair of Beasts
 25661 | Lair:5   | Reached XP level 14. HP: 73/93 MP: 36/36
 26457 | Lair:6   | Identified the amulet of Awydesm {Reflect rC+++ rCorr Int-4
                  | SH+5 Stlth-}
 26461 | Lair:6   | Reached skill level 17 in Conjurations
 26687 | Lair:6   | Found a staircase to the Slime Pits.
 26958 | Lair:6   | Identified the +1 helmet of Qiorchu {Harm +Inv rC+}
 27433 | Lair:6   | Identified a scroll of acquirement
 27434 | Lair:6   | Acquired the ring of Wesmir {rPois rC+ rCorr Dex+7 Stlth-}
 27644 | D:12     | Killed beigtais's ghost
 27733 | D:12     | Identified the ring of Huuhi {rN+ Dex+6 SInv}
 27985 | D:13     | Noticed Wemm's ghost (journeyman SpEn)
 28101 | D:13     | Found a runed translucent gate.
 28101 | D:13     | Found a runed translucent gate.
 28101 | D:13     | Found a runed translucent gate.
 28127 | D:13     | Identified the +8 falchion "Jimen" {vorpal, +Blink rElec
                  | Str+5 Dex-2}
 28161 | D:13     | Found a gate to the Vaults.
 28161 | D:13     | Noticed an ironbound preserver
 28185 | D:13     | Reached skill level 18 in Conjurations
 28622 | D:13     | Killed an ironbound preserver
 28878 | D:13     | Killed Wemm's ghost
 28973 | D:14     | Noticed Agnes
 29078 | D:14     | Reached XP level 15. HP: 99/99 MP: 32/39
 29181 | D:14     | Reached skill level 15 in Spellcasting
 29191 | D:14     | Reached skill level 1 in Fighting
 30390 | D:14     | Killed Agnes
 30391 | D:14     | Reached skill level 5 in Fighting
 30571 | D:15     | Entered Level 15 of the Dungeon
 30818 | D:15     | Noticed a fire giant
 30820 | D:15     | Noticed Louise
 30907 | Orc:1    | Entered Level 1 of the Orcish Mines
 30907 | Orc:1    | Noticed Maurice
 30908 | Orc:1    | Killed Maurice
 31417 | Orc:2    | Entered Level 2 of the Orcish Mines
 31420 | Orc:2    | Noticed Sonja
 31425 | Orc:2    | Killed Sonja
 31661 | Orc:2    | Noticed Erolcha
 31680 | Orc:2    | Killed Erolcha
 32224 | Orc:1    | Found Loboal's Firing Range.
 32769 | Orc:2    | Found Essidoc's Antique Weapon Emporium.
 32792 | Orc:2    | Found Iptapradiu's General Store.
 32805 | Orc:2    | Bought a potion of heal wounds for 70 gold pieces
 33447 | Orc:2    | Found a staircase to the Elven Halls.
 33674 | Orc:2    | Found Cagexis's Assorted Antiques.
 33683 | Orc:2    | Bought a potion of heal wounds for 165 gold pieces
 34318 | Orc:2    | Found Beuliul's Distillery.
 34326 | Orc:2    | Bought a potion of brilliance for 48 gold pieces
 34326 | Orc:2    | Bought a potion of curing for 36 gold pieces
 34326 | Orc:2    | Bought 2 potions of curing for 72 gold pieces
 34326 | Orc:2    | Bought a potion of ambrosia for 96 gold pieces
 34443 | Elf:1    | Entered Level 1 of the Elven Halls
 35151 | Elf:1    | Got the Collected Works on Creative Arcane Weapons
 35204 | Elf:1    | Found Veddatseta's Distillery.
 35224 | Elf:1    | Noticed Nikola
 35230 | Elf:1    | Killed Nikola
 35231 | Elf:1    | Reached skill level 10 in Armour
 35231 | Elf:1    | Reached XP level 16. HP: 78/128 MP: 25/40
 35677 | Elf:1    | Paralysed by an air elemental for 1 turns
 36584 | Orc:2    | Bought the +0 staff of Battle for 1840 gold pieces
 36584 | Orc:2    | Found the +0 staff of Battle
 36957 | D:15     | Killed Louise
 37085 | D:15     | Found a transporter.
 37087 | D:15     | Found a transporter.
 37093 | D:15     | Noticed Jussuw Iff's ghost (adept KoGl)
 37100 | D:15     | Found a staircase to the Depths.
 38042 | Snake:1  | Entered Level 1 of the Snake Pit
 38042 | Snake:1  | Found Duogu's Overcharged Wands.
 38173 | Snake:1  | Noticed Aizul
 38178 | Snake:1  | Killed Aizul
 38240 | Snake:1  | Noticed Roxanne
 38245 | Snake:1  | Killed Roxanne
 38711 | Snake:1  | Found Zuwn's Weapon Shoppe.
 38713 | Snake:1  | Found Iliwk's Antique Armour Emporium.
 38713 | Snake:1  | Found Tuilaes's Assorted Antiques.
 38718 | Snake:1  | Found Nupibbya's Weapon Emporium.
 40431 | Snake:2  | Acquired the ring "Dizyacs" {rElec rF+ rC++}
 40433 | Snake:2  | Acquired the Handbook of Enchanting Conjuration
 40440 | Snake:3  | Found Kenwaum's Distillery.
 40453 | Snake:3  | Found Ukaostan's Magic Scroll Shop.
 40455 | Snake:3  | Found Jeseur's Armour Boutique.
 40972 | Snake:3  | Noticed Mara
 40977 | Snake:3  | Noticed McKennaii's illusion
 40999 | Snake:3  | Killed Mara
 41000 | Snake:3  | Reached XP level 17. HP: 119/134 MP: 32/44
 41771 | Snake:4  | Entered Level 4 of the Snake Pit
 42792 | Snake:4  | Found Kaesin's Armour Shoppe.
 43193 | Snake:4  | Noticed Bai Suzhen
 43205 | Snake:4  | Killed Bai Suzhen
 43360 | Snake:4  | Noticed Vashnia
 43379 | Snake:4  | Killed Vashnia
 43837 | Snake:4  | Got a serpentine rune of Zot
 44390 | Shoals:1 | Entered Level 1 of the Shoals
 44448 | Shoals:1 | Learned a level 5 spell: Lightning Bolt
 44624 | Shoals:1 | Found Luowaell's Magic Scroll Emporium.
 44669 | Shoals:1 | Identified the +1 scale mail "Fynam" {Rampage}
 44744 | Shoals:1 | Reached skill level 1 in Air Magic
 45454 | Shoals:2 | Noticed Jorgrun
 45454 | Shoals:2 | Noticed Polyphemus
 45461 | Shoals:2 | Killed Jorgrun
 45462 | Shoals:2 | Reached XP level 18. HP: 98/141 MP: 13/47
 45462 | Shoals:2 | Killed Polyphemus
 45463 | Shoals:2 | Reached skill level 5 in Shields
 45977 | Shoals:2 | Found Coyreh's Antique Weapon Shop.
 46597 | Shoals:3 | Noticed Ilsuiw
 46887 | Shoals:3 | Killed Ilsuiw
 47140 | Shoals:3 | Found Hebabyg's Humungous Hoard.
 47381 | Shoals:3 | Bought a potion of haste for 150 gold pieces
 47381 | Shoals:3 | Bought a potion of heal wounds for 75 gold pieces
 47987 | Shoals:4 | Entered Level 4 of the Shoals
 48000 | Shoals:4 | Noticed Donald
 48009 | Shoals:4 | Killed Donald
 49111 | Shoals:4 | Got a barnacled rune of Zot
 49300 | Shoals:4 | Reached skill level 10 in Shields
 49368 | Shoals:4 | Got the Reference Book on Creative Poisoning
 49839 | Vaults:1 | Entered Level 1 of the Vaults
 50512 | Vaults:1 | Reached XP level 19. HP: 147/147 MP: 42/49
 51142 | Vaults:1 | Found a transporter.
 51158 | Vaults:1 | Found a transporter.
 52077 | Vaults:2 | Found a staircase to the Crypt.
 53542 | Vaults:2 | Found Usikhl Helo's Distillery.
 53550 | Vaults:2 | Bought a potion of experience for 500 gold pieces
 53550 | Vaults:2 | Bought a potion of heal wounds for 50 gold pieces
 53942 | Vaults:3 | Reached skill level 19 in Conjurations
 54651 | Vaults:3 | Reached XP level 20. HP: 155/155 MP: 39/50
 54997 | Vaults:3 | Reached skill level 15 in Shields
 55651 | Vaults:3 | Reached skill level 20 in Conjurations
 57341 | Vaults:4 | Reached skill level 21 in Conjurations
 57654 | Vaults:4 | Identified the +1 robe "Supoji" {rPois rF+ rN+ Regen+}
 57796 | Vaults:4 | Identified the +1 hat of Responsibility {+Blink}
 57797 | Vaults:4 | Identified the +0 hat of the Kraken {*Slow Str+2 Int+4}
 57867 | Vaults:4 | Identified the +5 spear of the Disturbing Teeth {pain,
                  | Contam rPois rF+}
 58358 | Elf:2    | Found the +18 Lear's hauberk
 58517 | Elf:2    | Found Eruthimm's Weapon Shop.
 58809 | Elf:2    | Found a runed translucent gate.
 58809 | Elf:2    | Found a runed translucent gate.
 58809 | Elf:2    | Found a runed translucent gate.
 59427 | Elf:2    | Reached skill level 22 in Conjurations
 59751 | Elf:3    | Entered Level 3 of the Elven Halls
 59883 | Elf:3    | Found Yjuetrivo's Weapon Boutique.
 60242 | Elf:3    | Reached XP level 21. HP: 157/161 MP: 21/51
 60710 | Elf:3    | Identified the +7 morningstar "Dixtik" {vamp, Str-2 Int+3
                  | Dex+4}
 60712 | Elf:3    | Identified the +8 morningstar of Ignis's Inspiration
                  | {antimagic, Dex+2 Stlth+}
 60879 | Elf:3    | Identified the +7 scimitar of Understanding {vorpal, rC+
                  | rN+ Str+4 Stlth+}
 60893 | Elf:3    | Reached skill level 23 in Conjurations
 60903 | Elf:3    | Got Ystrizol's Papyrus of Damage Dealing
 60943 | Elf:3    | Identified the +5 scimitar "Fucaes" {protect, rPois rC-
                  | Int+3}
 61708 | Slime:1  | Entered Level 1 of the Pits of Slime
 61952 | Slime:2  | You are sucked into a shaft and drop 2 floors!
 62042 | Slime:5  | Entered Level 5 of the Pits of Slime
 62076 | Slime:5  | Noticed the Royal Jelly
 62239 | Slime:5  | Noticed Dissolution
 63414 | Slime:3  | Reached skill level 24 in Conjurations
 64061 | Slime:2  | Gained mutation: You sometimes lose the ability to read
                  | scrolls when taking damage. [a shining eye]
 64223 | Slime:2  | Gained mutation: You are occasionally teleported next to
                  | monsters. [a shining eye]
 64858 | Slime:4  | Reached skill level 10 in Fighting
 64858 | Slime:4  | Reached XP level 22. HP: 177/177 MP: 52/52
 64859 | Slime:4  | Lost mutation: You sometimes lose the ability to read
                  | scrolls when taking damage. [potion of mutation]
 64859 | Slime:4  | Lost mutation: You are occasionally teleported next to
                  | monsters. [potion of mutation]
 64859 | Slime:4  | Gained mutation: Your muscles are strong. (Str +2) [potion
                  | of mutation]
 64859 | Slime:4  | Gained mutation: A frigid envelope surrounds you and
                  | freezes all who hurt you. [potion of mutation]
 64866 | Slime:4  | Learned a level 5 spell: Fireball
 64872 | Slime:4  | Learned a level 5 spell: Freezing Cloud
 65017 | Slime:5  | Killed the Royal Jelly
 65248 | Slime:5  | Killed Dissolution
 65769 | Slime:5  | Got a slimy rune of Zot
 65809 | Slime:5  | Identified the ring of Pyromania {Fire Str+3 Dex+4}
 65871 | Slime:5  | Got the Collected Works on Execration
 65886 | Slime:5  | Identified the +0 ring mail of Agoraphobia {rF+ Will+ rCorr
                  | Int-2}
 66549 | Temple   | Entered the Ecumenical Temple
 66894 | Depths:1 | Entered Level 1 of the Depths
 67034 | Depths:1 | Reached XP level 23. HP: 188/188 MP: 40/53
 67090 | Depths:1 | Found a gateway to Hell.
 67204 | Depths:1 | Found a transporter.
 67211 | Depths:1 | Found a transporter.
 67233 | Depths:1 | Found a transporter.
 67234 | Depths:1 | Found a transporter.
 67527 | Depths:1 | Found Joat's Weapon Boutique.
 67665 | Depths:1 | Found a transporter.
 67672 | Depths:1 | Found a transporter.
 68574 | Depths:2 | Found Yxyenul's Book Emporium.
 68576 | Depths:2 | Found Olapsoeka's Jewellery Boutique.
 68577 | Depths:2 | Found Fyelacec's Book Emporium.
 68591 | Depths:2 | Bought the amulet of Buvewkenn {RegenMP Contam rCorr Dex+9
                  | SInv} for 661 gold pieces
 68648 | Depths:2 | Found a one-way gate leading to the halls of Pandemonium.
 68717 | Depths:3 | Found Upotoy's One-of-a-Kind Rings.
 69877 | Depths:3 | Found a one-way gate to the infinite horrors of the Abyss.
 69899 | Depths:3 | Found Kikh's Magic Scroll Shop.
 70891 | Depths:4 | Entered Level 4 of the Depths
 71541 | Depths:4 | Found a one-way gateway to a ziggurat.
 72198 | Depths:4 | Found a gate to the Realm of Zot.
 72936 | Crypt:1  | Entered Level 1 of the Crypt
 72977 | Crypt:1  | Found a runed translucent door.
 72978 | Crypt:1  | Noticed Zoalos's ghost (veteran GrEE)
 73745 | Crypt:1  | Reached XP level 24. HP: 117/195 MP: 32/57
 74558 | Crypt:1  | Killed Zoalos's ghost
 74869 | Crypt:2  | Reached skill level 5 in Air Magic
 76548 | Crypt:3  | Entered Level 3 of the Crypt
 77344 | Crypt:3  | Noticed Mennas
 77376 | Crypt:3  | Killed Mennas
 77552 | Crypt:3  | Noticed an ancient lich
 77558 | Crypt:3  | Killed an ancient lich
 77821 | Crypt:3  | Found a staircase to the Tomb.
 77834 | Crypt:3  | Got Lotriut's Guide on Necromancy
 78730 | Zot:1    | Entered Level 1 of the Realm of Zot
 79189 | Depths:4 | Learned a level 9 spell: Chain Lightning
 79974 | Zot:1    | Found a transporter.
 80695 | Zot:1    | Found the dreamshard necklace {*Dream Drain}
 80697 | Zot:1    | Found a transporter.
 81013 | Zot:1    | Noticed an ancient lich
 81030 | Zot:1    | Reached skill level 10 in Air Magic
 81035 | Zot:1    | Killed an ancient lich
 81632 | Zot:1    | HP: 7/195 [??? (4)]
 82610 | Zot:1    | Identified the ring "Lagaxul" {Fire rElec rPois Str+5}
 82618 | Zot:1    | Identified the ring "Meomo" {rPois Dex+4}
 82663 | Zot:1    | Identified the +4 battleaxe of Cawe {holy, rC+}
 83248 | Tomb:1   | Entered Level 1 of the Tomb of the Ancients
 83503 | Tomb:1   | Reached skill level 25 in Conjurations
 83669 | Tomb:1   | Reached XP level 25. HP: 193/196 MP: 27/57
 83872 | Tomb:1   | Noticed a royal mummy
 83889 | Tomb:1   | Killed a royal mummy
 83896 | Tomb:1   | Noticed a royal mummy
 83902 | Tomb:1   | Killed a royal mummy
 84608 | Tomb:1   | Noticed a royal mummy
 85036 | Tomb:1   | Killed a royal mummy
 86610 | Zot:1    | HP: 5/190 [golden dragon (24)]
 91498 | Vaults:5 | Entered Level 5 of the Vaults
 91689 | Vaults:5 | Identified the +6 great sword "Roimuq" {drain, Dex+2}
 91691 | Vaults:5 | Reached skill level 15 in Air Magic
 92069 | Vaults:5 | Noticed a dread lich
 92080 | Vaults:5 | Reached skill level 26 in Conjurations
 92080 | Vaults:5 | Killed a dread lich
 92081 | Vaults:5 | Reached XP level 26. HP: 144/210 MP: 41/58
 92286 | Vaults:5 | Noticed a dread lich
 92290 | Vaults:5 | Noticed an ancient lich
 92540 | Vaults:5 | Noticed an ancient lich
 92542 | Vaults:5 | Killed an ancient lich
 92556 | Vaults:5 | Killed a dread lich
 92571 | Vaults:5 | Noticed a dread lich
 92728 | Vaults:5 | Killed a dread lich
 93141 | Vaults:5 | Killed an ancient lich
 93283 | Vaults:5 | Noticed a dread lich
 93287 | Vaults:5 | Killed a dread lich
 93317 | Vaults:5 | Identified the amulet of Icettim {Faith rPois}
 93521 | Vaults:5 | Identified the +1 scale mail of Wapn {rCorr Int+4}
 93541 | Vaults:5 | Identified the +1 ring mail of Nemelex Xobeh's Pride {+Inv}
 93609 | Vaults:5 | Noticed a dread lich
 93612 | Vaults:5 | Killed a dread lich
 93890 | Vaults:5 | Got a silver rune of Zot
 93940 | Vaults:5 | Identified the ring "Gugutt" {rC++ MP+9 Str+2}
 93966 | Vaults:5 | Identified the +3 plate armour of Daisies {rPois rF+++
                  | Int-5 Dex-5}
 94554 | Hell     | Entered the Vestibule of Hell
 94554 | Hell     | Noticed Geryon
 96329 | Hell     | Killed Geryon
 96397 | Hell     | Found a gateway to the decaying netherworld of Tartarus.
 96456 | Hell     | Found a gateway to the ashen valley of Gehenna.
 96641 | Hell     | Found a gateway to the Iron City of Dis.
 96781 | Hell     | Found a gateway to the freezing wastes of Cocytus.
 97033 | Coc:1    | Entered Level 1 of Cocytus
 98023 | Coc:3    | HP: 7/206 [wendigo/seracfall (30)]
 98535 | Geh:1    | Entered Level 1 of Gehenna
 99235 | Geh:2    | Reached XP level 27. HP: 100/211 MP: 17/58
 99604 | Geh:2    | You are sucked into a shaft and drop 2 floors!
 99630 | Geh:4    | Reached skill level 27 in Conjurations
100733 | Geh:7    | Entered Level 7 of Gehenna
101836 | Geh:7    | Identified the +8 demon whip "Noeti Hoceo" {vorpal, Fly
                  | rElec rN+ Str+2}
101846 | Geh:7    | Identified the +6 great sword of the Pits of Slime {spect,
                  | *Corrode rPois Str+8 Dex-2}
101849 | Geh:7    | Identified the +5 scimitar of Imbalance {antimagic, +Blink
                  | rF+ Int+2 Dex-3}
102238 | Geh:7    | HP: 5/106 [Brimstone Fiend/damnation (45)]
102239 | Geh:7    | Killed from afar by a Brimstone Fiend

Illustrated notes

Levels and vault maps discovered:
D:1:      eino_arrival_cavern_c, layout_basic, serial_shops, shop
D:2:      layout_basic
D:3:      layout_rooms, hellmonk_ecumenical_altar_arch_garden,
          minmay_misc_feat_rugged, uniq_natasha
D:4:      layout_layer_cave, trog_antimagical, hangedman_decor_slide_cut
D:5:      layout_cave_pools, old_standard_altar, nicolae_ru_path_of_blood,
          minmay_temple_entry_butterflies, uniq_grinder
D:6:      layout_gridville, kennysheep_mini,
          grunt_temple_overflow_champion_of_chaos, uniq_maggie
D:7:      layout_basic, nicolae_ossuary_entry_catacombs
D:8:      layout_loops_ring, mainiacjoe_overflow_brackets, lemuel_doored_altar,
          serial_ice, serial_ice_c, serial_ice_l, serial_ice_h, serial_ice_e,
          uniq_grum
D:9:      layout_cross, nemelex_diamond_rough_becter,
          mainiacjoe_overflow_cross_hatched, enter_bailey_5, wad_dig_loot
D:10:     layout_stronghold, lair_entry_dummy, chequers_mini_garden, hex_large,
          uniq_joseph
D:11:     layout_loops_ring, uniq_psyche
D:12:     layout_gridville, erik_orc_3, gammafunk_ghost_berserking_beasts,
          minivault_25_ag, uniq_urug
D:13:     layout_gridville, skrybe_vaults_entry_preservation,
          maelrawn_ghost_gauntlet_escape, minmay_misc_feat_doors
D:14:     layout_basic, dk_noncrumbling_4, uniq_agnes
D:15:     gammafunk_depths_entry_grave, layout_basic, grunt_decor_cap,
          gammafunk_ghost_arena, uniq_louise
Temple:   minmay_temple_bridge_abc
Lair:1:   layout_misc_corridors, chequers_serial_rivers_room_a, worms_lemuel,
          serial_bayou_shore_a, uniq_erica
Lair:2:   lemuel_slime, layout_gridlike, beast_lair_carwin_7, grunt_megastairs_5
Lair:3:   layout_gridlike, minmay_snake_entry_guardpost_small,
          grunt_megastairs_3, lemuel_fruit_tree
Lair:4:   layout_loops_ring, elwin_shoals_entry_rocks,
          kennysheep_catoblepas_arena
Lair:5:   layout_regular_city, eino_house_with_fridge, grunt_megastairs_1
Lair:6:   minmay_lair_end_enchanted_forest, layout_concentric_octagons,
          minmay_slime_entry_oklob_open, minmay_lair_oklob_bushes
Shoals:1: layout_shoals, serial_shops, shop_statue
Shoals:2: layout_shoals, serial_shops, nicolae_square_shop,
          nicolae_shoals_goliath_grotto, uniq_polyphemus, uniq_jorgrun
Shoals:3: cheibrodos_shoals_satyrical_garden, layout_shoals,
          nicolae_alphabet_shops, nicolae_shoals_wave_tunnel, uniq_ilsuiw
Shoals:4: shoals_end_hellmonk_lost_city, uniq_donald
Snake:1:  layout_rooms, nicolae_shop_overcharged_wands, minmay_shoptagon,
          serial_bayou_shore_b, uniq_aizul, uniq_roxanne
Snake:2:  layout_grid_shapes
Snake:3:  layout_cave_town, nicolae_snake_salamander_fort, minmay_shop_star,
          uniq_mara
Snake:4:  minmay_snake_end_coiled, layout_cave_town, serial_shops,
          shop_fountains, nrook_guardian_serpent_double, uniq_vashnia,
          uniq_bai_suzhen
Slime:1:  layout_caves
Slime:2:  layout_caves
Slime:3:  layout_caves, cheibrodos_slime_lost_civilization_6
Slime:4:  layout_caves
Slime:5:  uniq_dissolution
Orc:1:    layout_caves, nicolae_shop_firing_range, uniq_maurice
Orc:2:    pubby_orc_utopia, uniq_erolcha, uniq_sonja
Elf:1:    elf_arrival_002, layout_loops_corners, serial_shops,
          nicolae_shop_hallway_stairs, minmay_elf_sorcery,
          nicolae_elf_glass_and_crystal_pillar_1, minmay_strange_pillars,
          uniq_nikola
Elf:2:    nicolae_elf_blades_splatter_lattice [nooodl_blade_entry_preview],
          layout_rooms, serial_shops, nicolae_shop_hallway_plus
Elf:3:    elf_hall, layout_loops_corners, serial_shops, nicolae_lakefront_shop,
          basic_altar
Vaults:1: vaults_dpeg_diagonal, vaults_dpeg_doors, vaults_mumra_chevron_long,
          nicolae_vaults_sealed_display, nicolae_vaults_twisting_passages,
          nicolae_vaults_diagonal_hallway_8, gammafunk_sealed_arena, v_misc_29,
          vaults_standard_mumra_enter_the_diamond, ontoclasm_vaults_fault,
          vaults_mumra_hexcomb, hangedman_vaults_trim, layout_vaults_ring
Vaults:2: nicolae_vaults_little_squares_1, minmay_crypt_entry_simple_box,
          nicolae_vaults_little_ls, vaults_room_door_hall,
          nicolae_vaults_disjoint_gnomons, ontoclasm_vaults_ring_square,
          vaults_room_semicircle, nicolae_vaults_little_squares_6,
          hangedman_vaults_trim, hangedman_vaults_river_flow, v_pattern_4,
          hangedman_vaults_snaps, ontoclasm_vaults_bender,
          vaults_room_semicircle, st_lattice, layout_vaults_omnibox,
          serial_shops, shop_statue
Vaults:3: v_misc_29, hangedman_vaults_locks, v_rooms_1, hangedman_vaults_unwind,
          grunt_vaults_swirl, nicolae_vaults_circle_grid_b,
          nicolae_vaults_three_branches, ontoclasm_vaults_decontamination,
          nicolae_vaults_an_arrangement, vaults_room_hallway,
          nicolae_vaults_theta, layout_vaults_maze
Vaults:4: v_misc_1, v_misc_22, hangedman_vaults_impose, v_misc_22,
          grunt_tower_of_power, hangedman_vaults_corner,
          nicolae_vaults_specimen_jars, ontoclasm_vaults_loading_screen,
          nicolae_vaults_ring_of_whatevers, hangedman_vaults_restitches,
          ontoclasm_vaults_pinch, layout_vaults_chaotic_city
Vaults:5: uniq_margery
Crypt:1:  layout_misc_corridors, hellmonk_ghost_happy_afterlife,
          amcnicky_mini_corridor_feature, minivault_19, wad_floor_pattern_1,
          grunt_crypt_arrival_webbed
Crypt:2:  layout_gridlike
Crypt:3:  cryptofortress_bobbens, uniq_mennas
Tomb:1
Depths:1: layout_gridlike, grunt_mini_vestibule, serial_shops,
          nicolae_shop_advertising_works [nicolae_subvault_shop_adworks],
          serial_nicolae_subway, nicolae_sub_station_stone,
          nicolae_sub_station_metal, nicolae_sub_station_crystal,
          serial_bayou_shore_b
Depths:2: minmay_two_paths, layout_honeycomb, pf_coc_iceberg,
          rand_demon_pan_entry_5, minmay_staircase_statues_hall_small,
          minmay_shop_grove
Depths:3: minmay_box_of_statues, layout_basic, hell_entry,
          abyss_entry_flame_altar, serial_shops, nicolae_shop_hallway_plus,
          nrook_uturn, nicolae_shop_unique_rings, infiniplex_staircase_pillars_2
Depths:4: grunt_zot_entry_hairpin, layout_basic, enter_ziggurat_c,
          lemuel_coloured_pillars_altar, hell_entry, minmay_crystal_water
Hell
Geh:1:    layout_gehenna_lava_caves
Geh:2:    layout_gehenna_pools_triple
Geh:4:    nicolae_geh_seventh_circle, layout_gehenna_lava_caves
Geh:5:    layout_gehenna_lava_caves
Geh:6:    layout_gehenna_lava_caves
Geh:7:    evilmike_geh
Coc:1:    layout_cocytus_delve
Coc:2:    layout_ice_bergs
Coc:3:    layout_ice_bergs
Zot:1:    gammafunk_dig_for_victory, layout_basic, st_stairs_10
Zot:2:    circus_mu, layout_onion
Zot:3:    layout_gridlike, zot_minivault_8

Skill      XL: |  1  2  3  4  5  6  7  8  9 10 11 12 13 14 15 16 17 18 19 20 21 22 23 24 25 26 27 |
---------------+----------------------------------------------------------------------------------+-----
Spellcasting   | 2 3 4 5 6 7 8 10 13 14 15 17 19 20 23 24 | 24.0
Conjurations   | 4 5 6 7 8 10 11 13 15 16 18 19 22 24 25 26 27 | 27.0
Armour         | 6 10 12 13 | 13.8
Dodging        | 6 7 9 |  9.4
Shields        | 3 4 11 14 15 | 15.0
Fighting       | 8 10 12 13 | 13.8
Air Magic      | 2 4 11 16 18 19 | 19.6
Stealth        | |  1.7

Action                   |  1- 3 |  4- 6 |  7- 9 | 10-12 | 13-15 | 16-18 | 19-21 | 22-24 | 25-27 || total
-------------------------+-------+-------+-------+-------+-------+-------+-------+-------+-------++-------
Melee: Unarmed           |       |       |     9 |       |       |       |       |       |       ||     9
       Staff             |       |       |       |     5 |     1 |       |     3 |     2 |     1 ||    12
       Trident           |       |       |       |       |    10 |       |       |       |       ||    10
 Cast: Magic Dart        |    94 |   124 |   226 |   343 |   420 |   595 |    55 |    43 |    62 ||  1962
       Searing Ray       |     1 |     7 |    49 |   122 |    78 |    35 |     1 |       |     2 ||   295
       Iskenderun's Myst |       |       |    39 |   141 |   244 |   112 |    76 |   128 |   106 ||   846
       Orb of Destructio |       |       |       |     9 |   196 |   172 |    16 |    45 |   117 ||   555
       Lightning Bolt    |       |       |       |       |       |   131 |   689 |   745 |   520 ||  2085
       Freezing Cloud    |       |       |       |       |       |       |       |     3 |       ||     3
       Fireball          |       |       |       |       |       |       |       |     9 |    11 ||    20
       Chain Lightning   |       |       |       |       |       |       |       |       |    27 ||    27
 Abil: Evoke Invisibilit |       |       |       |       |       |       |     1 |       |       ||     1
Evoke: Wand              |       |       |       |       |     5 |       |     1 |     3 |     6 ||    15
       Horn of Geryon    |       |       |       |       |       |       |       |       |     1 ||     1
  Use: Scroll            |       |       |       |    19 |    14 |     7 |     1 |    16 |     9 ||    66
       Potion            |       |       |       |     1 |    10 |     4 |     1 |    13 |     6 ||    35
Armor: Robe              |     7 |    13 |     2 |       |       |       |       |       |       ||    22
       Steam dragon scal |       |       |    64 |   111 |   163 |     2 |       |       |       ||   340
       Scale mail        |       |       |       |       |       |   133 |    40 |    70 |    73 ||   316
Dodge: Dodged            |    10 |    30 |    93 |   159 |   213 |   112 |    43 |    85 |    91 ||   836
Block: Buckler           |       |       |       |       |    81 |    55 |       |       |       ||   136
       Kite shield       |       |       |       |       |       |    21 |    68 |   114 |    99 ||   302
       Reflection        |       |       |       |       |       |    12 |    25 |     2 |       ||    39
